 Dungeon Crawl Stone Soup version 0.22.0-75-g3901e79 (webtiles) character file.

2436 geckoagua the Fighter (level 9, 0/71 HPs)
             Began as a Formicid Fighter on Sept 12, 2018.
             Was a Follower of Hepliaklqana.
             Slain by an orc
             ... wielding a +0 halberd
              (10 damage)
             ... in a bailey.
             The game lasted 00:27:46 (6232 turns).

geckoagua the Fighter (Formicid Fighter)            Turns: 6232, Time: 00:27:47

Health: 0/71       AC: 18    Str: 28    XL:     9   Next: 77%
Magic:  18/18      EV: 10    Int:  8    God:    Hepliaklqana [*.....]
Gold:   517        SH: 14    Dex: 11    Spells: 20/20 levels left

rFire    . . .     SeeInvis +   a - +0 trident
rCold    . . .     Gourm    .   J - +2 shield
rNeg     . . .     Faith    .   o - +5 ring mail
rPois    .         Spirit   .   (helmet unavailable)
rElec    .         Reflect  .   k - +0 cloak
rCorr    .         Harm     .   (no gloves)
MR       .....                  q - +0 pair of boots
Stlth    +.........             n - amulet of magic regeneration
HPRegen  0.21/turn              z - +3 ring of protection
MPRegen  0.41/turn              e - +6 ring of slaying

@: mighty
A: permanent stasis, dig shafts and tunnels, four strong arms, reduced essence,
antennae 3
a: Dig, Shaft Self, Recall Ancestor, Ancestor Identity, Renounce Religion


You were in a bailey.
You worshipped Hepliaklqana.
Hepliaklqana was aware of your devotion.
You were hungry.

You visited 2 branches of the dungeon, and saw 8 of its levels.
You also visited: Bailey.

You collected 517 gold pieces.

Inventory:

Hand Weapons
 a - a +0 trident (weapon)
 b - a +0 hunting sling
 y - a +0 blowgun
Missiles
 g - 102 sling bullets
 l - 255 stones (quivered)
 t - 30 poisoned needles
Armour
 k - a +0 cloak (worn)
 o - a +5 ring mail (worn)
 q - a +0 pair of boots (worn)
 I - the +5 buckler of Sunlight {rElec}
   (You found it on level 7 of the Dungeon)

   It insulates you from electricity.
 J - a +2 shield (worn)
Jewellery
 e - a +6 ring of slaying (right hand)
 h - an uncursed ring of protection from magic
 i - an uncursed ring of positive energy
 n - an amulet of magic regeneration (around neck)
 x - an uncursed ring of ice
 z - a +3 ring of protection (left hand)
Wands
 c - a wand of iceblast (7)
Scrolls
 s - a scroll of blinking {unknown}
 u - a scroll of identify
 v - 2 scrolls of fear
 w - 5 scrolls of remove curse
 A - a scroll of noise {unknown}
 E - a scroll of torment {unknown}
Potions
 j - 2 potions of brilliance
 m - 5 potions of curing
 p - a potion of ambrosia {unknown}
 r - a potion of agility {unknown}
 C - 4 potions of mutation {unknown}
 D - a potion of heal wounds {unknown}
 G - a potion of magic {unknown}
 H - a potion of haste {unknown}
Comestibles
 f - 9 rations
 F - 7 chunks of flesh


   Skills:
 + Level 10.5 Fighting
 - Level 2.6 Polearms
 + Level 0.2 Slings
 + Level 9.9 Armour
 + Level 8.6 Shields
 + Level 6.1 Spellcasting


You had 20 spell levels left.
You didn't know any spells.
Your spell library contained the following spells:

 Spells                   Type           Power        Failure   Level  Hunger
 Summon Small Mammal      Summ           #...         34%         1    #......
 Call Imp                 Summ           #.......     45%         2    ##.....
 Call Canine Familiar     Summ           #.......     71%         3    ###....
 Summon Guardian Golem    Hex/Summ       #.......     71%         3    ###....
 Summon Ice Beast         Ice/Summ       #.......     98%         4    #####..
 Summon Lightning Spire   Summ/Air       #.......     98%         4    #####..


Dungeon Overview and Level Annotations

Branches:
Dungeon (7/15)             Temple (1/1) D:4

Altars:
Ashenzari
Dithmenos
Elyvilon
Fedhas
Hepliaklqana
Kikubaaqudgha
Makhleb
Okawaru
Qazlal
Ru
Sif Muna
Trog
Uskayaw
Vehumet
Wu Jian
Xom
Yredelemnul
Zin


Innate Abilities, Weirdness & Mutations

You cannot be hasted, slowed, berserked, paralysed or teleported.
You can dig through walls and to a lower floor.
Your four strong arms can wield two-handed weapons with a shield.
You have a pair of large antennae on your head. (SInv)
Your life essence is reduced to manifest your ancestor. (-10% HP)


Message History

The orc hits you from afar with a halberd.
* * * LOW HITPOINT WARNING * * *
You block the orc's attack. x2
Items here: ))) †† a war axe x2; a hand axe; an orc corpse x2
You barely miss the orc. The orc barely misses you.
The orc hits you from afar with a halberd.
* * * LOW HITPOINT WARNING * * *
You block the orc's attack. x2; The orc hits you but does no damage.
You impale the orc!!
You kill the orc!
You block the orc's attack. x3
You hit the orc.
The orc is almost dead.
You block the orc's attack. The orc closely misses you.
You block the orc's attack.
You puncture the orc!
You kill the orc!
You block the orc's attack. The orc hits you with a halberd!
You die...

############
##.∩........##
#............#
#............#
#∩...o)......+
#....))o.....#
#.....@).....#
##.∩..))....##
############


You could see 2 orcs.

Vanquished Creatures
  A water moccasin (D:6)
  An ice beast (D:5)
  3 sky beasts
  An orc warrior (D:5)
  An ogre (D:5)
  3 phantoms
  A wyvern zombie (D:6)
  A scorpion (D:6)
  2 howler monkeys (D:7)
  2 crimson imps
  2 jellies (D:5)
  4 orc wizards
  An orc priest (D:5)
  3 hounds
  A gnoll shaman (D:5)
  An iguana (D:7)
  Natasha (thrice) (D:3)
  Terence (D:3)
  3 worker ants
  A hound skeleton (D:6)
  A hound zombie (D:6)
  A worker ant zombie (D:6)
  4 gnolls (D:5)
  6 adders
  A shadow imp (D:5)
  2 oozes
  4 worms (D:2)
  4 leopard geckos (D:1)
  11 orcs
  3 ball pythons
  7 bats
  2 giant cockroaches
  7 goblins
  9 hobgoblins
  A jackal (D:7)
  5 frilled lizards
  9 kobolds
  9 rats
122 creatures vanquished.

Vanquished Creatures (collateral kills)
  An orc warrior (Bailey)
  An ogre (D:7)
  A bullfrog (D:6)
  A howler monkey (D:7)
  A hound (D:7)
  2 orcs (Bailey)
  A goblin (D:7)
  2 jackals (D:7)
10 creatures vanquished.

Vanquished Creatures (others)
  An ancestor (Bailey)
1 creature vanquished.

Grand Total: 133 creatures vanquished

Notes
Turn   | Place    | Note
-------+----------+-------------------------------------------
     0 | D:1      | geckoagua the Formicid Fighter began the quest for the Orb.
     0 | D:1      | Reached XP level 1. HP: 18/18 MP: 1/1
    83 | D:1      | Reached XP level 2. HP: 24/24 MP: 2/2
   267 | D:1      | Reached XP level 3. HP: 30/30 MP: 3/3
   641 | D:2      | Reached skill level 4 in Fighting
   869 | D:2      | Reached XP level 4. HP: 37/37 MP: 4/4
  1042 | D:2      | Found a shimmering altar of Xom.
  1068 | D:2      | Found a shimmering altar of Xom.
  1538 | D:3      | Noticed Terence
  1561 | D:3      | Killed Terence
  1809 | D:3      | Noticed Natasha
  1817 | D:3      | Killed Natasha
  1817 | D:3      | Reached XP level 5. HP: 43/43 MP: 5/5
  1874 | D:3      | Found a shattered altar of Ashenzari.
  1996 | D:3      | Found an iron altar of Okawaru.
  2173 | D:3      | Noticed Natasha
  2174 | D:3      | Killed Natasha
  2174 | D:3      | Reached skill level 5 in Fighting
  2198 | D:3      | Noticed Natasha
  2204 | D:3      | Killed Natasha
  2341 | D:3      | Reached XP level 6. HP: 49/51 MP: 6/6
  2407 | D:4      | Reached skill level 5 in Armour
  2414 | D:4      | Reached skill level 8 in Fighting
  2414 | D:4      | Reached XP level 7. HP: 63/63 MP: 6/16
  2586 | D:4      | Reached skill level 9 in Fighting
  3149 | D:4      | Found a staircase to the Ecumenical Temple.
  3158 | Temple   | Entered the Ecumenical Temple
  3498 | D:5      | Entered Level 5 of the Dungeon
  3510 | D:5      | Reached XP level 8. HP: 71/71 MP: 17/17
  3639 | D:5      | Found a glowing drain.
  4237 | D:5      | Found a sacrificial altar of Ru.
  4387 | D:5      | Found a radiant altar of Vehumet.
  4388 | D:5      | Found a burning altar of Makhleb.
  4428 | D:6      | Reached XP level 9. HP: 75/78 MP: 18/18
  4477 | D:5      | Reached skill level 10 in Fighting
  5152 | D:6      | Found a hazy altar of Hepliaklqana.
  5180 | D:6      | Became a worshipper of Hepliaklqana the Forgotten
  5663 | D:6      | Found a glowing silver altar of Zin.
  5962 | D:7      | Got a spiked buckler
  5983 | D:7      | Identified the +5 buckler of Sunlight {rElec} (You found it
                  | on level 7 of the Dungeon)
  6195 | D:7      | Found a flagged portal.
  6196 | D:7      | Reached * piety under Hepliaklqana
  6204 | Bailey   | Entered a bailey
  6232 | Bailey   | Slain by an orc

Skill      XL: |  1  2  3  4  5  6  7  8  9 |
---------------+----------------------------+-----
Fighting       | 4 5 8 9 10 | 10.5
Armour         | 4 8 9 |  9.9
Shields        | 8 |  8.6
Spellcasting   | 6 |  6.1
Polearms       | |  2.6
Slings         | |  0.2

Action                   |  1- 3 |  4- 6 |  7- 9 || total
-------------------------+-------+-------+-------++-------
Melee: Trident           |   121 |    82 |   252 ||   455
 Fire: Hunting sling     |       |       |     5 ||     5
 Abil: Dig               |       |     1 |     1 ||     2
  Use: Scroll            |       |     8 |     4 ||    12
       Potion            |       |     2 |     2 ||     4
 Stab: Distracted        |     1 |       |       ||     1
  Eat: Chunk             |       |     2 |     8 ||    10
       Ration            |       |     1 |     1 ||     2
Armor: Scale mail        |    29 |       |       ||    29
       Ring mail         |    26 |    20 |    87 ||   133
Dodge: Dodged            |    28 |    13 |    91 ||   132
Block: Shield            |    52 |    26 |   176 ||   254
